[Event "42nd Olympiad Baku 2016 Women"]
[Site "Baku"]
[Date "2016.09.02"]
[Round "1.5"]
[White "Cramling, Pia"]
[Black "Sihite, Chelsie Monica Igne"]
[Result "1-0"]
[ECO "A13"]
[WhiteElo "2444"]
[BlackElo "2199"]
[PlyCount "87"]
[EventDate "2016.??.??"]
[EventCountry "AZE"]
[WhiteTeam "Schweden"]
[BlackTeam "Indonesien"]
[WhiteTeamCountry "SWE"]
[BlackTeamCountry "INA"]
[TimeControl "40/5400+30:1800+30"]
[WhiteClock "0:45:35"]
[BlackClock "0:25:55"]

1. Nf3 {(00:00} Nf6 {(00:31} 2. c4 {(00:00} e6 {
(06:28} 3. g3 {(00:04} d5 {(07:03} 4. Bg2 {(00:
11} dxc4 {(06:26} 5. Qa4+ {(00:47} Nbd7 {(06:05} 6.
Qxc4 {(00:40} c5 {(00:13} 7. O-O {(03:32} a6 {(
01:42} 8. Qc2 {(00:48} Bd6 {(01:44} 9. d4 {(07:27}
cxd4 {(07:08} 10. Nxd4 {(03:40} O-O {(03:14} 11. Rd1 {
(04:03} Bc5 {(03:14} 12. Nc3 {(01:19} Qe7 {(06:
48} 13. h3 {(04:53} h6 {(08:38} 14. Be3 {(06:04} Nb6 {
(02:28} 15. Ne4 {(09:31} Nxe4 {(10:04} 16. Bxe4 {
(00:18} Bxd4 {(01:30} 17. Bxd4 {(02:43} Nd7 {(
00:09} 18. Qc7 {(04:32} e5 {(01:48} 19. Bc3 {(01:48}
Re8 {(04:19} 20. Rd6 {(10:45} Qg5 {(03:16} 21. Rxd7 {
(02:30} Bxd7 {(00:02} 22. Qxd7 {(00:11} Re7 {(
03:54} 23. Qd3 {(01:53} h5 {(02:42} 24. Rd1 {(02:04}
g6 {(00:45} 25. h4 {(00:46} Qg4 {(02:50} 26. Bf3 {
(02:16} Qe6 {(00:30} 27. Bd5 {(01:32} Qb6 {(01:
09} 28. Bb3 {(01:44} a5 {(01:51} 29. Bc4 {(00:38} a4 {
(02:38} 30. a3 {(00:14} Rc8 {(00:45} 31. Ba2 {(
00:40} Kh7 {(01:28} 32. e4 {(02:26} Rcc7 {(01:15} 33.
Qf3 {(01:08} Kg7 {(00:33} 34. Rd5 {(00:47} f6 {(
01:25} 35. Qd3 {(02:57} Qc6 {(00:30} 36. Qb5 {(01:15}
Qe6 {(01:10} 37. Qxa4 {(01:55} Qh3 {(00:34} 38. Rd8 {
(01:47} Red7 {(00:25} 39. Rxd7+ {(03:15} Rxd7 {(
00:07} 40. Bd5 {(00:00} Kh7 {(00:00} 41. Qa8 {(01:36}
Rg7 {(07:25} 42. Qf8 {(00:38} g5 {(00:45} 43. Qxf6 {
(00:27} gxh4 {(00:04} 44. Bxe5 {(00:41} 1-0

[Event "42nd Olympiad Baku 2016 Women"]
[Site "Baku"]
[Date "2016.09.02"]
[Round "1.19"]
[White "Cumberbatch, Gabriela"]
[Black "Machlik, Edit"]
[Result "0-1"]
[ECO "B13"]
[WhiteElo "1312"]
[BlackElo "2056"]
[PlyCount "100"]
[EventDate "2016.??.??"]
[EventCountry "AZE"]
[WhiteTeam "Barbados"]
[BlackTeam "Norwegen"]
[WhiteTeamCountry "BAR"]
[BlackTeamCountry "NOR"]
[TimeControl "40/5400+30:1800+30"]
[WhiteClock "0:25:16"]
[BlackClock "0:59:58"]

1. e4 {(00:00} c6 {(00:00} 2. d4 {(00:00} d5 {(
00:00} 3. exd5 {(00:37} cxd5 {(00:00} 4. Bd3 {(00:40}
Nc6 {(00:02} 5. c3 {(00:52} Qc7 {(00:37} 6. h3 {
(01:15} Nf6 {(00:58} 7. Nf3 {(02:29} g6 {(00:48]
} 8. O-O {(02:49} Bf5 {(00:16} 9. Re1 {(04:08} Bxd3 {
(00:28} 10. Qxd3 {(02:01} Bg7 {(00:06} 11. Na3 {
(02:01} a6 {(00:47} 12. Nc2 {(02:02} O-O {(00:
31} 13. Ne3 {(05:37} b5 {(00:59} 14. a3 {(01:52} Na5 {
(05:07} 15. Qc2 {(04:00} Nc4 {(08:08} 16. Qb3 {(
11:58} e6 {(03:09} 17. Qc2 {(13:48} Rfc8 {(04:36} 18.
Bd2 {(02:35} Rab8 {(03:27} 19. Rac1 {(03:02} Ne4 {
(02:24} 20. Nxc4 {(06:54} bxc4 {(03:10} 21. Be3 {
(02:09} Rb3 {(06:59} 22. Rb1 {(04:25} Rcb8 {(03:
16} 23. Qc1 {(04:25} Qb6 {(03:12} 24. Bf4 {(10:26} Rb7
{(00:11} 25. Rf1 {(03:19} Nxc3 {(13:38} 26. bxc3 {
(03:41} Rxb1 {(00:11} 27. Qd2 {(00:47} Rxf1+ {(
00:24} 28. Kxf1 {(00:17} Qb1+ {(00:08} 29. Ne1 {(00:55]
} Rb2 {(00:40} 30. Qe3 {(00:49} Qa2 {(01:57} 31. Bd6 {
(01:12} Qb1 {(08:17} 32. Qg5 {(02:30} f6 {(00:
16} 33. Qe3 {(00:18} Qe4 {(01:08} 34. Qc1 {(01:24}
Qe2+ {(00:12} 35. Kg1 {(00:23} Qxf2+ {(00:06} 36. Kh2 {
(00:26} Qd2 {(04:56} 37. Qxd2 {(01:22} Rxd2 {(
00:05} 38. Bf4 {(00:50} Ra2 {(00:52} 39. Bd6 {(00:22}
Bf8 {(00:11} 40. Bb4 {(00:00} Bxb4 {(00:00} 41. axb4 {
(00:17} Re2 {(00:45} 42. Nf3 {(03:13} Re3 {(00:
32} 43. Ng1 {(03:32} Rxc3 {(00:08} 44. Ne2 {(00:21}
Rb3 {(00:11} 45. Kg1 {(01:30} c3 {(00:13} 46. Kf1 {
(00:20} Rb1+ {(00:11} 47. Kf2 {(00:16} c2 {(00:
05} 48. Nc3 {(00:57} c1=Q {(00:10} 49. Nxb1 {(00:15}
Qxb1 {(00:05} 50. Ke3 {(00:23} Qxb4 0-1

[Event "42nd Olympiad Baku 2016 Women"]
[Site "Baku"]
[Date "2016.09.02"]
[Round "1.19"]
[White "Dengler, Dijana"]
[Black "Nepando, Jolly"]
[Result "1-0"]
[ECO "D04"]
[WhiteElo "2047"]
[BlackElo "1517"]
[PlyCount "51"]
[EventDate "2016.??.??"]
[EventCountry "AZE"]
[WhiteTeam "Bosnien  Herzegowina"]
[BlackTeam "Namibien"]
[WhiteTeamCountry "BIH"]
[BlackTeamCountry "NAM"]
[TimeControl "40/5400+30:1800+30"]
[WhiteClock "0:18:14"]
[BlackClock "0:42:20"]

1. d4 {(00:00} Nf6 {(00:41} 2. Nf3 {(00:00} d5 {
(00:44} 3. e3 {(02:41} Nc6 {(01:24} 4. c4 {(03:
00} e6 {(00:23} 5. a3 {(00:28} Be7 {(01:33} 6. Nc3 {
(01:14} a6 {(01:20} 7. Bd3 {(02:45} b6 {(03:08}
8. O-O {(11:03} O-O {(08:46} 9. b4 {(01:49} dxc4 {
(04:09} 10. Bxc4 {(03:16} Re8 {(03:35} 11. Bb2 {
(02:45} Bb7 {(00:34} 12. Qb3 {(04:42} Bd6 {(01:
54} 13. e4 {(06:22} Nd7 {(03:27} 14. Rfd1 {(09:41} Na7
{(01:19} 15. e5 {(10:22} Bxf3 {(06:18} 16. gxf3 {
(00:36} Qg5+ {(00:52} 17. Kf1 {(00:25} Be7 {(00:
43} 18. Bxe6 {(08:59} fxe6 {(04:26} 19. Qxe6+ {(00:14}
Kh8 {(00:24} 20. Qxd7 {(00:14} Rf8 {(00:21} 21. Qg4 {
(06:40} Qh6 {(01:30} 22. Nd5 {(02:15} Bd8 {(02:
40} 23. Ke2 {(03:58} c6 {(01:24} 24. Ne3 {(00:14} Rf4
{(03:34} 25. Qd7 {(00:48} Nb5 {(05:01} 26. Qe8+ {
(00:15} 1-0

[Event "42nd Olympiad Baku 2016 Women"]
[Site "Baku"]
[Date "2016.09.02"]
[Round "1.28"]
[White "Di Benedetto, Desiree"]
[Black "Al-Fayyadh, Zainab Asif Abdulah"]
[Result "1-0"]
[ECO "A05"]
[WhiteElo "2183"]
[BlackElo "1703"]
[PlyCount "75"]
[EventDate "2016.??.??"]
[EventCountry "AZE"]
[WhiteTeam "Italien"]
[BlackTeam "Irak"]
[WhiteTeamCountry "ITA"]
[BlackTeamCountry "IRQ"]
[TimeControl "40/5400+30:1800+30"]
[WhiteClock "0:07:10"]
[BlackClock "0:01:02"]

1. Nf3 {(00:09} Nf6 {(00:00} 2. c4 {(00:10} g6 {
(00:47} 3. g3 {(01:07} Bg7 {(00:31} 4. Bg2 {(00:
27} O-O {(01:12} 5. O-O {(00:47} d5 {(07:19} 6. cxd5 {
(01:26} Qxd5 {(02:31} 7. Nc3 {(07:22} Qh5 {(01:
52} 8. d3 {(07:06} Bh3 {(14:37} 9. Qb3 {(10:50} Bxg2 {
(02:21} 10. Kxg2 {(00:37} b6 {(06:02} 11. h3 {(
07:59} Nbd7 {(13:52} 12. Bf4 {(06:46} c6 {(11:08} 13.
Qa3 {(08:54} Qc5 {(06:14} 14. b4 {(08:32} Qh5 {(
07:45} 15. g4 {(15:43} Nxg4 {(01:10} 16. hxg4 {(00:16}
Qxg4+ {(00:11} 17. Bg3 {(00:05} f5 {(02:49} 18. Qb3+ {
(01:17} Kh8 {(00:37} 19. e3 {(03:38} f4 {(06:45]
} 20. exf4 {(01:09} Rxf4 {(01:56} 21. Nh2 {(00:55} Qg5
{(00:34} 22. Ne4 {(01:08} Rxe4 {(03:28} 23. dxe4 {
(00:15} Bxa1 {(02:04} 24. Rxa1 {(00:07} Rf8 {(
01:15} 25. Rd1 {(01:34} Nf6 {(00:38} 26. Qe6 {(00:40}
Nh5 {(03:18} 27. Qe5+ {(01:01} Qf6 {(00:33} 28. Qxf6+ {
(00:43} Nxf6 {(00:06} 29. Be5 {(00:55} Kg7 {(00:
48} 30. Nf3 {(06:47} h6 {(00:57} 31. Nd4 {(00:12} Kf7
{(00:21} 32. Bxf6 {(00:33} exf6 {(00:27} 33. Nxc6 {
(00:17} a6 {(00:51} 34. Rd7+ {(00:37} Ke6 {(00:
39} 35. Rb7 {(00:52} f5 {(00:56} 36. exf5+ {(00:15}
Kxf5 {(00:30} 37. Rxb6 {(00:09} h5 {(00:24} 38. Ne7+
1-0

[Event "42nd Olympiad Baku 2016 Women"]
[Site "Baku"]
[Date "2016.09.02"]
[Round "1.16"]
[White "Diaz, Luisa Fernanda"]
[Black "Alavi, Homa"]
[Result "0-1"]
[ECO "B43"]
[WhiteElo "1852"]
[BlackElo "1997"]
[PlyCount "66"]
[EventDate "2016.??.??"]
[EventCountry "AZE"]
[WhiteTeam "Kolumbien"]
[BlackTeam "Iran"]
[WhiteTeamCountry "COL"]
[BlackTeamCountry "IRI"]
[TimeControl "40/5400+30:1800+30"]
[WhiteClock "0:01:10"]
[BlackClock "0:00:43"]

1. e4 {(00:00} c5 {(00:00} 2. Nf3 {(00:27} e6 {(
00:02} 3. d4 {(00:10} cxd4 {(00:06} 4. Nxd4 {(00:06}
a6 {(00:12} 5. Nc3 {(00:18} Qc7 {(00:16} 6. Bd3 {
(00:33} Nf6 {(01:06} 7. O-O {(01:13} Be7 {(01:
59} 8. a4 {(04:32} O-O {(01:02} 9. Kh1 {(02:23} d6 {
(05:28} 10. f4 {(02:40} b6 {(04:21} 11. Qf3 {(
09:10} Bb7 {(01:10} 12. Qg3 {(00:08} Nc6 {(02:42} 13.
Nxc6 {(03:37} Bxc6 {(07:52} 14. e5 {(22:43} Nh5 {
(06:39} 15. Qh3 {(03:48} g6 {(00:28} 16. exd6 {(
11:20} Bxd6 {(01:07} 17. f5 {(01:35} exf5 {(12:44} 18.
Bxf5 {(01:22} Rfe8 {(03:08} 19. Bg4 {(05:16} Re5 {
(11:30} 20. Bf3 {(07:29} Rf5 {(12:11} 21. Bd2 {(
08:09} Re8 {(20:36} 22. Bxc6 {(04:34} Rxf1+ {(00:16}
23. Rxf1 {(00:05} Qxc6 {(00:08} 24. Qd3 {(05:19} Bb8 {
(04:15} 25. Qxa6 {(02:12} Qd6 {(00:34} 26. Bf4 {
(02:26} Nxf4 {(00:11} 27. Qc4 {(00:36} Qd2 {(02:
09} 28. Qc6 {(01:06} Re1 {(00:38} 29. Qf3 {(00:06} Qc1
{(00:57} 30. Nd1 {(00:36} Rxf1+ {(00:15} 31. Qxf1 {
(00:01} Qxc2 {(00:44} 32. g3 {(01:01} Qe4+ {(00:
41} 33. Kg1 {(00:19} Nd3 {(00:20} 0-1

[Event "42nd Olympiad Baku 2016 Women"]
[Site "Baku"]
[Date "2016.09.02"]
[Round "1.17"]
[White "Dimitrijevic, Aleksandra"]
[Black "Mentile, Lishen"]
[Result "1-0"]
[ECO "C44"]
[WhiteElo "2254"]
[BlackElo "1480"]
[PlyCount "103"]
[EventDate "2016.??.??"]
[EventCountry "AZE"]
[WhiteTeam "Bosnien  Herzegowina"]
[BlackTeam "Namibien"]
[WhiteTeamCountry "BIH"]
[BlackTeamCountry "NAM"]
[TimeControl "40/5400+30:1800+30"]
[WhiteClock "0:39:53"]
[BlackClock "0:35:42"]

1. e4 {(00:00} e5 {(00:47} 2. Nf3 {(00:00} Nc6 {
(01:20} 3. d3 {(00:27} d6 {(01:28} 4. c3 {(02:
37} Be6 {(03:36} 5. Be2 {(00:22} h6 {(02:17} 6. Nbd2 {
(00:32} Nf6 {(02:03} 7. Nf1 {(01:30} Be7 {(04:
26} 8. Ng3 {(00:20} Nh7 {(11:37} 9. h4 {(14:01} Bg4 {
(03:35} 10. h5 {(13:11} Bxf3 {(12:28} 11. Bxf3 {
(00:18} Bf6 {(01:22} 12. Qb3 {(04:30} Rb8 {(03:
36} 13. Nf5 {(04:23} Ne7 {(04:22} 14. Qa4+ {(03:49}
Nc6 {(07:35} 15. Qb3 {(03:07} O-O {(01:39} 16. g3 {
(04:20} Ne7 {(02:26} 17. Be3 {(04:07} b6 {(01:
34} 18. Nh4 {(03:37} Qd7 {(02:45} 19. Qd1 {(07:49} d5
{(06:13} 20. Qe2 {(02:23} d4 {(03:28} 21. cxd4 {
(04:56} exd4 {(00:02} 22. Bf4 {(00:14} Nc6 {(02:
20} 23. Bg4 {(05:00} Qd8 {(01:34} 24. Nf3 {(00:20} Re8
{(00:26} 25. Rc1 {(01:48} Ne5 {(01:45} 26. Nxe5 {
(02:11} Bxe5 {(00:02} 27. Rc6 {(00:16} Bxf4 {(
04:07} 28. gxf4 {(00:05} Nf6 {(00:46} 29. Bf5 {(01:12}
Qe7 {(02:08} 30. O-O {(02:43} Rb7 {(03:53} 31. Kh1 {
(02:49} Kh8 {(01:18} 32. Rg1 {(00:56} Rg8 {(00:
01} 33. Qf3 {(00:32} Qe8 {(01:20} 34. e5 {(01:09} Nh7
{(01:28} 35. Rxh6 {(01:06} gxh6 {(00:39} 36. Qxb7 {
(01:08} Rxg1+ {(00:42} 37. Kxg1 {(00:06} Qd8 {(
00:43} 38. Qc8 {(01:35} Qxc8 {(00:15} 39. Bxc8 {(00:06]
} Kg7 {(00:17} 40. Kg2 {(00:00} Kf8 {(00:00} 41. Bf5 {
(02:35} Kg7 {(00:29} 42. Bxh7 {(01:15} Kxh7 {(
00:02} 43. f5 {(01:06} Kg7 {(00:52} 44. Kf3 {(00:11}
Kf8 {(00:04} 45. Ke4 {(00:06} c5 {(00:37} 46. Kd5 {
(00:06} Ke7 {(00:23} 47. a4 {(00:11} f6 {(03:09]
} 48. e6 {(00:16} Ke8 {(00:29} 49. b3 {(00:24} Ke7 {
(00:30} 50. a5 {(00:07} Ke8 {(00:48} 51. axb6 {(
00:06} axb6 {(00:02} 52. Kc6 {(00:09} 1-0

[Event "42nd Olympiad Baku 2016 Women"]
[Site "Baku"]
[Date "2016.09.02"]
[Round "1.12"]
[White "Domarkaite, Laima"]
[Black "Hernandez Resto, Aracelys"]
[Result "1-0"]
[ECO "C05"]
[WhiteElo "2161"]
[BlackElo "1314"]
[PlyCount "51"]
[EventDate "2016.??.??"]
[EventCountry "AZE"]
[WhiteTeam "Litauen"]
[BlackTeam "Puerto Rico"]
[WhiteTeamCountry "LTU"]
[BlackTeamCountry "PUR"]
[TimeControl "40/5400+30:1800+30"]
[WhiteClock "0:08:29"]
[BlackClock "1:04:31"]

1. e4 {(00:00} e6 {(00:00} 2. d4 {(00:00} d5 {(
00:00} 3. Nd2 {(00:08} Nf6 {(00:15} 4. e5 {(00:42}
Nfd7 {(00:13} 5. Bd3 {(01:18} c5 {(00:34} 6. c3 {
(00:18} Nc6 {(01:36} 7. Ne2 {(00:36} Be7 {(01:
40} 8. O-O {(01:32} O-O {(02:50} 9. Nf3 {(05:28} b6 {
(05:28} 10. Re1 {(05:05} Re8 {(00:32} 11. a3 {(
02:36} a5 {(01:23} 12. c4 {(22:50} cxd4 13. cxd5 {(03:
24} exd5 {(04:54} 14. e6 {(11:59} fxe6 {(00:48} 15.
Qc2 {(00:36} Nc5 {(07:30} 16. Bxh7+ {(00:50} Kh8 {
(00:10} 17. Qg6 {(19:06} Ne4 {(00:59} 18. Nf4 {(
05:09} Bf6 {(02:27} 19. Qh5 {(01:40} Ne7 {(01:13} 20.
Bxe4+ {(02:40} Kg8 {(00:22} 21. Bh7+ {(02:03} Kf8 {
(00:59} 22. Bg6 {(02:32} Nxg6 {(00:08} 23. Nxg6+ {
(00:19} Kg8 {(00:21} 24. Bg5 {(02:25} Kf7 {(02:
59} 25. Nfe5+ {(00:53} Kg8 {(00:38} 26. Qh8# {(00:22}
1-0

[Event "42nd Olympiad Baku 2016 Women"]
[Site "Baku"]
[Date "2016.09.02"]
[Round "1.29"]
[White "dos Ramos, Rosangela"]
[Black "Unuk, Laura"]
[Result "0-1"]
[ECO "C00"]
[WhiteElo "1821"]
[BlackElo "2332"]
[PlyCount "78"]
[EventDate "2016.??.??"]
[EventCountry "AZE"]
[WhiteTeam "Surinam"]
[BlackTeam "Slowenien"]
[WhiteTeamCountry "SUR"]
[BlackTeamCountry "SLO"]
[TimeControl "40/5400+30:1800+30"]
[WhiteClock "0:00:37"]
[BlackClock "0:04:37"]

1. e4 {(00:00} e6 {(00:00} 2. d3 {(00:00} d5 {(
00:10} 3. Nd2 {(00:15} c5 {(00:40} 4. Ngf3 {(00:55}
Nc6 {(00:26} 5. g3 {(00:18} Bd6 {(00:42} 6. Bg2 {
(00:12} Nge7 {(00:38} 7. O-O {(00:31} O-O {(00:
27} 8. Re1 {(00:59} Qc7 {(01:08} 9. Qe2 {(05:35} f6 {
(00:17} 10. c3 {(07:02} Bd7 {(04:20} 11. b3 {(
07:57} d4 {(20:00} 12. cxd4 {(09:58} cxd4 {(00:17} 13.
Bb2 {(02:45} e5 {(04:00} 14. Rac1 {(11:06} b5 {(
04:44} 15. h4 {(10:46} Rfc8 {(02:04} 16. Nh2 {(06:10}
Qa5 {(02:37} 17. a3 {(07:21} Be6 {(01:01} 18. Nhf3 {
(03:29} Qd8 {(04:22} 19. Kh2 {(02:09} Na5 {(08:
26} 20. Bh3 {(01:14} Bxh3 {(01:07} 21. Kxh3 {(00:03}
Qd7+ {(00:30} 22. Kh2 {(00:35} Qe6 {(00:30} 23. Rxc8+ {
(04:21} Rxc8 {(01:59} 24. Qd1 {(04:04} Nb7 {(06:
01} 25. Qb1 {(05:45} Nc5 {(01:49} 26. b4 {(01:33} Na4
{(01:09} 27. Rc1 {(00:48} Rf8 {(12:49} 28. Rc2 {
(01:54} h6 {(00:15} 29. Kg2 {(01:19} Kh7 {(03:
26} 30. Qc1 {(04:21} f5 {(01:25} 31. Qd1 {(00:42} f4 {
(03:50} 32. Nh2 {(00:54} g6 {(03:50} 33. g4 {(
00:49} Ng8 {(03:43} 34. f3 {(00:20} Be7 {(00:15} 35.
Qe1 {(00:43} Rc8 {(03:30} 36. Rxc8 {(00:31} Qxc8 {
(00:05} 37. Bc1 {(00:35} Qc2 {(00:23} 38. Qf1 {(
00:21} Nc3 {(00:51} 39. Kh3 {(00:33} Na2 {(01:07} 0-1

[Event "42nd Olympiad Baku 2016 Women"]
[Site "Baku"]
[Date "2016.09.02"]
[Round "1.19"]
[White "Enkhtuul, Altan-Ulzii"]
[Black "Rinne, Heini"]
[Result "1-0"]
[ECO "D02"]
[WhiteElo "2288"]
[BlackElo "1751"]
[PlyCount "63"]
[EventDate "2016.??.??"]
[EventCountry "AZE"]
[WhiteTeam "Mongolei"]
[BlackTeam "Finnland"]
[WhiteTeamCountry "MGL"]
[BlackTeamCountry "FIN"]
[TimeControl "40/5400+30:1800+30"]
[WhiteClock "1:12:27"]
[BlackClock "0:00:53"]

1. d4 {(00:00} d5 {(01:37} 2. Nf3 {(00:08} Nf6 {
(00:48} 3. g3 {(00:08} c6 {(00:29} 4. Bg2 {(00:
13} Bg4 {(03:49} 5. O-O {(00:12} e6 {(03:14} 6. Nbd2 {
(02:45} Nbd7 {(01:31} 7. c3 {(00:53} Be7 {(06:
29} 8. Qe1 {(00:26} Bh5 {(11:00} 9. e4 {(00:27} O-O {
(01:32} 10. Qe2 {(01:37} a5 {(18:25} 11. a4 {(
00:31} dxe4 {(09:10} 12. Nxe4 {(00:16} Nxe4 {(06:21}
13. Qxe4 {(00:29} Bg6 {(03:11} 14. Qe2 {(00:24} Qb6 {
(04:51} 15. Re1 {(02:57} h6 {(08:59} 16. h4 {(
02:18} Bh5 {(01:45} 17. Be3 {(07:08} Qc7 {(05:06} 18.
Qd2 {(00:53} Bf6 {(06:26} 19. Bf4 {(00:38} Qd8 {
(01:46} 20. Ne5 {(00:41} Nxe5 {(00:15} 21. Bxe5 {
(00:12} Bxe5 {(00:50} 22. Rxe5 {(00:07} Bg6 {(
00:17} 23. Rae1 {(04:16} Bf5 {(01:58} 24. Qd1 {(00:29}
Qb6 {(00:45} 25. g4 {(00:07} Bg6 {(00:43} 26. h5 {
(00:05} Bh7 {(00:02} 27. Qd2 {(02:11} Qb3 {(00:
58} 28. g5 {(00:18} Qc2 {(00:28} 29. Qe3 {(00:50} hxg5
{(00:19} 30. Rxg5 {(00:21} Qd3 {(00:46} 31. Qe5 {
(00:27} g6 {(00:47} 32. Qf6 {(01:06} 1-0

[Event "42nd Olympiad Baku 2016 Women"]
[Site "Baku"]
[Date "2016.09.02"]
[Round "1.7"]
[White "Eric, Jovana"]
[Black "Johnson, Gabriella"]
[Result "1-0"]
[ECO "B70"]
[WhiteElo "2161"]
[BlackElo "1794"]
[PlyCount "77"]
[EventDate "2016.??.??"]
[EventCountry "AZE"]
[WhiteTeam "Serbien"]
[BlackTeam "TTO"]
[WhiteTeamCountry "SRB"]
[TimeControl "40/5400+30:1800+30"]
[WhiteClock "0:11:03"]
[BlackClock "0:01:08"]

1. e4 {(00:00} c5 {(00:00} 2. Nf3 {(00:00} d6 {(
00:00} 3. d4 {(00:00} cxd4 {(00:00} 4. Nxd4 {(00:00}
Nf6 {(00:00} 5. Nc3 {(00:04} g6 {(00:00} 6. Be2 {
(00:27} Bg7 {(00:07} 7. O-O {(00:24} O-O {(00:
06} 8. Bg5 {(00:27} Nc6 {(00:14} 9. Nb3 {(00:21} Be6 {
(00:55} 10. Kh1 {(01:09} a6 {(00:57} 11. f4 {(
01:59} b5 {(01:13} 12. Bf3 {(01:04} Rc8 {(00:26} 13.
Re1 {(04:58} Nd7 {(16:51} 14. Rb1 {(04:36} Re8 {
(10:11} 15. Nd5 {(06:09} Nb6 {(06:36} 16. c3 {(
05:28} Nc4 {(09:45} 17. Qe2 {(21:33} a5 {(24:51} 18.
f5 {(16:11} gxf5 {(06:54} 19. exf5 {(01:26} Bxf5 {
(00:36} 20. Rbd1 {(00:47} N6e5 {(07:58} 21. Nd4 {
(00:55} Bd7 {(04:24} 22. Bh5 {(04:05} Rc5 {(01:
52} 23. Nb3 {(05:50} Rc8 {(02:33} 24. Qf2 {(00:52} a4
{(01:09} 25. Nd4 {(00:13} Rc5 {(00:13} 26. Nf3 {
(02:28} Be6 {(01:13} 27. Nxe5 {(00:43} Nxe5 {(
00:21} 28. Nxe7+ {(01:39} Rxe7 {(02:09} 29. Qxc5 {(00:
08} f6 {(00:21} 30. Rxd6 {(01:14} Qf8 {(00:49} 31. Bf4
{(02:52} Rd7 {(02:01} 32. Bxe5 {(00:29} fxe5 {(
00:13} 33. Red1 {(02:54} e4 {(00:50} 34. Be2 {(03:07}
e3 {(00:29} 35. Qc6 {(02:00} Qf2 {(00:41} 36. Rxd7 {
(01:20} Bxd7 {(00:20} 37. Qxd7 {(00:25} Qxe2 {(
00:23} 38. Qe6+ {(00:04} Kf8 {(00:11} 39. Rd8# {(00:06]
} 1-0

[Event "42nd Olympiad Baku 2016 Women"]
[Site "Baku"]
[Date "2016.09.02"]
[Round "1.12"]
[White "Espinosa Cancino, Monica"]
[Black "Girya, Olga"]
[Result "0-1"]
[ECO "D04"]
[WhiteElo "1679"]
[BlackElo "2452"]
[PlyCount "104"]
[EventDate "2016.??.??"]
[EventCountry "AZE"]
[WhiteTeam "Schottland"]
[BlackTeam "Russland"]
[WhiteTeamCountry "SCO"]
[BlackTeamCountry "RUS"]
[TimeControl "40/5400+30:1800+30"]
[WhiteClock "0:03:11"]
[BlackClock "0:14:22"]

1. d4 {(00:00} d5 {(00:00} 2. Nf3 {(00:00} Nf6 {
(00:00} 3. e3 {(00:00} Bf5 {(00:00} 4. Bd3 {(00:
04} e6 {(02:14} 5. Bxf5 {(00:33} exf5 {(00:04} 6. Qd3
{(00:30} Qc8 {(02:13} 7. O-O {(01:01} Bd6 {(01:
02} 8. c4 {(01:08} dxc4 {(07:45} 9. Qxc4 {(00:19} O-O
{(00:31} 10. Nc3 {(02:23} c6 {(00:56} 11. Bd2 {(
06:26} Nbd7 {(01:27} 12. Qb3 {(04:33} Ne4 {(06:45} 13.
Rfd1 {(05:35} Ndf6 {(01:21} 14. Rac1 {(08:05} Re8 {
(03:18} 15. Ne2 {(18:40} Qc7 {(13:04} 16. h3 {(
09:48} Qe7 {(05:09} 17. Rc2 {(07:36} h6 {(05:16} 18.
Nc1 {(05:00} a5 {(05:08} 19. a4 {(04:38} Nd5 {(
01:02} 20. Nd3 {(01:26} Kh7 {(04:51} 21. Be1 {(07:03}
g5 {(05:22} 22. Nfe5 {(03:21} g4 {(03:55} 23. hxg4 {
(01:12} fxg4 {(00:08} 24. Nf4 {(02:08} Nxf4 {(
04:36} 25. exf4 {(00:30} Nf6 {(05:21} 26. Qd3+ {(01:27]
} Kg7 {(01:19} 27. Qf5 {(01:40} Qe6 {(01:27} 28. Qxe6 {
(00:40} Rxe6 {(00:30} 29. Bc3 {(01:08} Kg8 {(05:
58} 30. Rd3 {(00:59} h5 {(01:46} 31. Bd2 {(01:19} Nd5
{(00:38} 32. Rb3 {(01:06} Bb4 {(04:50} 33. g3 {(
01:57} f6 {(00:38} 34. f5 {(00:45} Re7 {(01:04} 35.
Nc4 {(00:23} Re2 {(01:49} 36. Rd3 {(00:47} Rae8 {
(02:56} 37. Kf1 {(00:03} Bxd2 {(00:48} 38. Rcxd2 {
(00:23} Re1+ {(00:16} 39. Kg2 {(00:07} Ra1 {(01:
18} 40. Ra3 {(00:00} Rc1 {(00:00} 41. Ne3 {(02:47} Kg7
{(08:15} 42. Nc2 {(07:35} Kh6 {(05:15} 43. f4 {(
05:59} h4 {(04:05} 44. gxh4 {(05:48} Kh5 {(00:15} 45.
Kg3 {(03:13} Re4 {(00:18} 46. Rb3 {(00:54} Rxf4 {
(03:08} 47. Kh2 {(07:40} Kxh4 {(01:13} 48. Ne3 {
(01:46} Rf3 {(02:10} 49. Ng2+ {(01:33} Kg5 {(00:
02} 50. Rxf3 {(00:15} gxf3 {(00:01} 51. Rf2 {(00:30}
fxg2 {(00:06} 52. Rxg2+ {(00:06} Kxf5 {(00:05} 0-1

[Event "42nd Olympiad Baku 2016 Women"]
[Site "Baku"]
[Date "2016.09.02"]
[Round "1.12"]
[White "Faqeeh, Aseel"]
[Black "Romero Echeverria, Abigail"]
[Result "0-1"]
[ECO "E21"]
[WhiteElo "1488"]
[BlackElo "2106"]
[PlyCount "64"]
[EventDate "2016.??.??"]
[EventCountry "AZE"]
[WhiteTeam "Palästina"]
[BlackTeam "Equador"]
[WhiteTeamCountry "PLE"]
[BlackTeamCountry "ECU"]
[TimeControl "40/5400+30:1800+30"]
[WhiteClock "0:09:52"]
[BlackClock "0:12:11"]

1. d4 {(00:00} Nf6 {(00:00} 2. c4 {(00:00} e6 {(
00:00} 3. Nc3 {(00:00} Bb4 {(00:06} 4. Nf3 {(00:45} b6
{(00:12} 5. e3 {(00:36} Bb7 {(00:10} 6. Bd3 {(
00:39} O-O {(01:50} 7. O-O {(00:23} d5 {(01:36} 8. a3
{(02:35} Be7 {(02:56} 9. b3 {(03:07} Nbd7 {(01:
55} 10. Qc2 {(03:09} c5 {(00:34} 11. Re1 {(02:51} Rc8
{(06:09} 12. Ne2 {(03:45} b5 {(10:03} 13. Bd2 {(
06:04} bxc4 {(08:28} 14. bxc4 {(02:16} cxd4 {(01:06}
15. Nfxd4 {(04:45} dxc4 {(00:47} 16. Bxc4 {(01:43} Bd5
{(00:38} 17. Rec1 {(08:28} Rxc4 {(00:21} 18. Qd3 {
(00:40} Nc5 {(07:23} 19. Qb1 {(02:39} Rxc1+ {(
08:42} 20. Nxc1 {(02:56} Nfe4 {(11:30} 21. Be1 {(06:05]
} Bf6 {(03:33} 22. f3 {(05:54} Nd6 {(00:30} 23. Bb4 {
(03:19} Qb6 {(00:51} 24. Qc2 {(01:11} Rc8 {(03:
19} 25. Rb1 {(02:20} Nb3 {(01:00} 26. Bc3 {(00:42}
Nxd4 {(03:26} 27. Qd3 {(06:23} Nxf3+ {(09:34} 28. gxf3
{(02:22} Qc6 {(00:13} 29. Bb4 {(07:10} Nb5 {(01:
55} 30. Ne2 {(03:25} Bc4 {(01:47} 31. Qd2 {(03:54}
Qxf3 {(02:08} 32. Bd6 {(06:02} Qxe2 {(01:07} 0-1